 Dungeon Crawl Stone Soup version 0.29-a0-90-gc37658a0fe (webtiles) character file.

Game seed: 5237252683943940739

158 lordive the Skirmisher (level 5, 0/54 HPs)
             Began as an Ogre Warper on Feb 7, 2022.
             Slain by a scorpion (1 damage)
             ... on level 4 of the Dungeon.
             The game lasted 00:07:24 (5219 turns).

lordive the Skirmisher (Ogre Warper)                Turns: 5219, Time: 00:07:25

Health: 0/54       AC:  3    Str: 15    XL:     5   Next: 39%
Magic:  8/8        EV: 10    Int: 16    God:
Gold:   77         SH:  0    Dex:  8    Spells: 9/9 levels left

rFire   . . .      SeeInvis .   p - +0 flail (holy)
rCold   . . .      Faith    .   (no shield)
rNeg    . . .      Spirit   .   b - +0 robe
rPois   .          Reflect  .   (helmet restricted)
rElec   .          Harm     .   (no cloak)
rCorr   .          Rampage  .   (gloves unavailable)
Will    .....                   (boots unavailable)
Stlth   +.........              (no amulet)
HPRegen 0.18/turn               n - ring of wizardry
MPRegen 0.11/turn               (no ring)

@: mighty, lethally poisoned (0 -> -6)
A: large, unfitting armour, tough skin 1
a: no special abilities


You were on level 4 of the Dungeon.
You visited 1 branch of the dungeon, and saw 5 of its levels.

You collected 77 gold pieces.

Inventory:

Hand Weapons
 p - a +0 flail of holy wrath (weapon)
Missiles
 j - 3 poisoned darts (quivered)
Armour
 b - a +0 robe (worn)
Jewellery
 n - a ring of wizardry (left hand)
Wands
 a - a wand of flame (11)
Scrolls
 e - 2 scrolls of identify {unknown}
 g - 2 scrolls of teleportation {unknown}
 h - 3 scrolls of noise {unknown}
 m - a scroll of fear {unknown}
Potions
 i - a potion of might
 k - a potion of curing {unknown}
 l - a potion of magic {unknown}
 o - 2 potions of ambrosia {unknown}


   Skills:
 + Level 3.8 Fighting
 + Level 3.1 Maces & Flails
 + Level 1.0 Throwing
 + Level 2.9 Dodging
 + Level 0.3 Stealth
 + Level 2.5 Spellcasting
 * Level 3.5 Translocations


You had 9 spell levels left.
You didn't know any spells.
Your spell library contained the following spells:

 Spells                   Type           Power      Damage    Failure   Level
 Blink                    Tloc           26%        N/A       2%          2
 Gell's Gravitas          Tloc           13%        N/A       6%          3
 Lesser Beckoning         Tloc           13%        N/A       6%          3
 Teleport Other           Tloc           13%        N/A       6%          3
 Sandblast                Erth           4%         2d4       9%          1
 Passwall                 Tmut/Erth      1%         N/A       12%         2
 Stone Arrow              Conj/Erth      4%         3d7       24%         3
 Manifold Assault         Tloc           13%        N/A       45%         5


Dungeon Overview and Level Annotations

Branches:
Dungeon (5/15)
 Temple: D:4-7

Altars:
Dithmenos

Shops:
D:2 *


Innate Abilities, Weirdness & Mutations

You are too large for most types of armour.
You have tough skin. (AC +1)


Message History

* * * LOW HITPOINT WARNING * * *
The endoplasm freezes you.
You are frozen.
* * * LOW HITPOINT WARNING * * *
Found 18 gold pieces.
Found 6 gold pieces.
You see here 18 gold pieces.
A bullfrog comes into view.
A scorpion comes into view.
Found 18 gold pieces.
The scorpion moves out of view.
Blink to where?
Press: ? - help, Dir - move target A scorpion comes into view.
Found 26 bolts and 14 arrows.
As you read the scroll of blinking, it crumbles to dust.
The scorpion stings you.
* * * LOW HITPOINT WARNING * * *
You are poisoned.
The scorpion poisons you!
Throw: 4 darts (poison)
Press: ? - help, Q - select action, (/) - cycle Shift-Dir - straight line, f - scorpion
Aim: a scorpion (54% to hit)
You throw a poisoned dart.
The poisoned dart closely misses the scorpion.
The poisoned dart barely misses the scorpion.
The poisoned dart hits the jelly.
The jelly is lightly wounded.
* * * LOW HITPOINT WARNING * * *
You feel very sick. The scorpion stings you.
* * * LOW HITPOINT WARNING * * *
It was a potion of cancellation.
You feel magically purged.
* * * LOW HITPOINT WARNING * * *
You feel very sick. The scorpion closely misses you.
It was a potion of might.
You feel very mighty all of a sudden.
* * * LOW HITPOINT WARNING * * *
You feel sick. The scorpion stings you.
You die...

....###......#......s..##........
...## ######.....########........
#### .........##....# #........
.#######.##(##.# #........
#.##J##.## #####.#.. #.##J##..#
.... .# ########
##.##s###.##..... .#.....##
#..##s###........ ........##
#.###@##...#...(. .........# #.#
#.#..###..... .........#
#.###............
.........###.#.....#########
.............#..##.###
................##...#
............<........#
.............)..##...###.
..........................


You could see 2 scorpions, a jelly and an endoplasm.

Vanquished Creatures
  A centaur skeleton (D:4)
  Robin (D:1)
  4 gnolls
  An adder skeleton (D:4)
  2 orcs (D:3)
  2 ball pythons (D:1)
  8 endoplasms
  4 giant cockroaches
  11 goblins
  11 hobgoblins
  2 jackals (D:2)
  5 kobolds
  4 quokkas
  6 bats
  A frilled lizard (D:1)
  4 rats
67 creatures vanquished.

Vanquished Creatures (others)
  13 fungi (D:4)
13 creatures vanquished.

Grand Total: 80 creatures vanquished

Notes
Turn   | Place    | Note
-------+----------+-------------------------------------------
     0 | D:1      | lordive the Ogre Warper began the quest for the Orb.
     0 | D:1      | Reached XP level 1. HP: 22/22 MP: 3/3
   255 | D:1      | Reached XP level 2. HP: 21/29 MP: 5/5
   881 | D:1      | Reached XP level 3. HP: 16/37 MP: 6/6
  1150 | D:1      | Found a faded altar of an unknown god.
  1476 | D:2      | Found a shadowy altar of Dithmenos.
  1828 | D:2      | Found Amunyps's Assorted Antiques.
  1997 | D:2      | Noticed Robin
  2462 | D:2      | Reached XP level 4. HP: 26/45 MP: 7/7
  2622 | D:1      | Killed Robin
  4250 | D:3      | Reached XP level 5. HP: 54/54 MP: 8/8
  4630 | D:4      | Noticed a black bear
  5183 | D:5      | Entered Level 5 of the Dungeon
  5183 | D:5      | Noticed a sky beast
  5218 | D:4      | HP: 2/54 [poisoned by a scorpion]
  5219 | D:4      | Slain by a scorpion

Illustrated notes

Levels and vault maps discovered:
D:1:      sevenhm_arrival_forest_fort_small_6, layout_basic,
          ebering_ecumenical_altar_box
D:2:      layout_basic, serial_shops, nicolae_shop_window_shopping, basic_altar,
          uniq_robin
D:3:      layout_loops_cross, patterned_corridor
D:4:      layout_rooms, mainiacjoe_overflow_cross_hatched
D:5:      layout_basic, serial_shops, nicolae_diamond_shop,
          pf_guarded_unrand_meek, uniq_prince_ribbit1, uniq_edmund

Skill      XL: |  1  2  3  4  5 |
---------------+----------------+-----
Translocations | 3 |  3.5
Fighting       | 3 |  3.8
Maces & Flails | 2 3 |  3.1
Throwing       | |  1.0
Dodging        | |  2.9
Stealth        | |  0.3
Spellcasting   | |  2.5

Action                   |  1- 3 |  4- 6 || total
-------------------------+-------+-------++-------
Melee: Mace              |   137 |    86 ||   223
       Flail             |       |    36 ||    36
Throw: Dart              |       |     5 ||     5
       Boomerang         |       |     5 ||     5
  Use: Potion            |       |     2 ||     2
       Scroll            |       |     1 ||     1
 Stab: Sleeping          |       |     1 ||     1
Armor: Robe              |    59 |    38 ||    97
Dodge: Dodged            |    92 |    80 ||   172

Table legend: (Time is in decaauts)
 A = Elapsed time spent in this place.
 B = Non-inter-level travel time spent in this place.
 C = Inter-level travel time spent in this place.
 D = Time resting spent in this place.
 E = Time spent auto-exploring this place.
 F = Levels seen in this place.
 G = Mean time per level.
                   A        B        C        D        E       F      G
               +--------+--------+--------+--------+--------+-----+--------+
         Total |   5297 |   5155 |    142 |   1872 |   2437 |   5 | 1059.4 |
       Dungeon |   5297 |   5155 |    142 |   1872 |   2437 |   5 | 1059.4 |
               +--------+--------+--------+--------+--------+-----+--------+

Top non-repeatable levels by time:
     D:1: 2136 daAuts
     D:3: 1456 daAuts
     D:2: 1181 daAuts
     D:4: 522 daAuts
     D:5: 1 daAuts
